 Dungeon Crawl Stone Soup version 0.31-a0-149-g3fdcc5976a (webtiles) character file.

Game seed: 14083596437564464799

275 qw the Shooter (level 6, -1/56 HPs)
             Began as a Minotaur Hunter on June 7, 2023.
             Slain by a gnoll
             ... wielding a +0 spear
              (4 damage)
             ... on level 4 of the Dungeon.
             The game lasted 00:01:03 (2408 turns).

qw the Shooter (Minotaur Hunter)                    Turns: 2408, Time: 00:01:03

Health: -1/56      AC:  5    Str: 15    XL:     6   Next: 3%
Magic:  5/5        EV: 12    Int:  6    God:
Gold:   118        SH:  0    Dex: 16    Spells: 5/5 levels left

rFire   + . .        Y - +1 shortbow
rCold   . . .        (shield currently unavailable)
rNeg    . . .        i - +1 leather armour {rF+}
rPois   .            (helmet restricted)
rElec   .            (no cloak)
rCorr   .            (no gloves)
SInv    .            d - +0 pair of boots
Will    .....        (no amulet)
Stlth   +            (no ring)
HPRegen 0.29/turn    (no ring)
MPRegen 0.09/turn

%: no passive effects
@: no status effects
A: horns 2, retaliatory headbutt
a: no special abilities


You were on level 4 of the Dungeon.
You visited 1 branch of the dungeon, and saw 4 of its levels.

You collected 118 gold pieces.


Innate Abilities, Weirdness & Mutations

You have a pair of horns on your head.
You reflexively headbutt those who attack you in melee.


   Skills:
 - Level 5.0 Fighting
 + Level 6.8 Ranged Weapons
 - Level 1.0 Armour
 - Level 2.1 Dodging
 - Level 0.7 Stealth


You had 5 spell levels left.
You didn't know any spells.
Your spell library was empty.

Inventory:

Hand Weapons
 Y - a +1 shortbow (weapon)
Armour
 d - a +0 pair of boots (worn)
 i - a +1 leather armour of fire resistance (worn)
Scrolls
 b - a scroll of identify
Potions
 e - a potion of berserk rage {unknown}
 f - a potion of heal wounds {unknown}
 g - 2 potions of curing

Dungeon Overview and Level Annotations

Branches:
Dungeon (4/15)
 Temple: D:4-7

Altars:
Yredelemnul

Annotations:
D:3 2 runed translucent doors, Crazy Yiuf


Message History

The arrow hits the gnoll but does no damage.
The gnoll barely misses you.
You shoot an arrow. The arrow barely misses the gnoll.
The arrow hits the gnoll.
The gnoll is heavily wounded.
The gnoll closely misses you. The gnoll hits you but does no damage.
You shoot an arrow. The arrow hits the gnoll.
The gnoll is heavily wounded.
The gnoll hits you from afar with a +0 spear.
The gnoll closely misses you. The gnoll barely misses you.
The gnoll hits you but does no damage.
You shoot an arrow. The arrow barely misses the gnoll.
The gnoll misses you.
The gnoll hits you from afar with a +0 spear.
The gnoll closely misses you. x2
You shoot an arrow. The arrow completely misses the gnoll.
The gnoll closely misses you. You furiously retaliate!
You headbutt the gnoll.
The gnoll hits you from afar with a +0 spear!
The gnoll hits you from afar with a +0 spear.
The gnoll hits you from afar with a +0 halberd!
You shoot an arrow. The arrow barely misses the gnoll.
The gnoll closely misses you. x2; The gnoll barely misses you. x2
You furiously retaliate!
You headbutt the gnoll!
You kill the gnoll!
You shoot an arrow. The arrow closely misses the gnoll.
The gnoll closely misses you. The gnoll misses you.
The gnoll barely misses you.
You shoot an arrow. The arrow hits the gnoll.
The gnoll is almost dead.
The gnoll hits you from afar with a +0 spear!
The gnoll barely misses you. x2
You shoot an arrow. The arrow hits the gnoll!
You kill the gnoll!
The gnoll hits you from afar with a +0 halberd!
The gnoll hits you from afar with a +0 spear.
You have reached level 6!
You shoot an arrow. The arrow hits the gnoll!
The gnoll is severely wounded.
The gnoll barely misses you. The gnoll closely misses you.
The gnoll hits you from afar with a +0 halberd.
The gnoll hits you from afar with a +0 spear.
You die...

### ...#### .......
.......### ######
.....:...#####....###.
.....g.)..[..........##
....[).@.#.............
.....g.####............
.%....# ##.<..........
..#... #............ #
#++ ##...........
##..........
###.........
##...........
######............


You could see 2 gnolls.

Vanquished Creatures
  A black bear (D:4)
  A scorpion (D:4)
  2 gnolls (D:4)
  An adder (D:3)
  6 worms
  4 dart slugs
  5 orcs (D:3)
  3 endoplasms
  3 giant cockroaches
  5 goblins
  8 hobgoblins
  2 jackals (D:4)
  3 quokkas
  5 ball pythons
  9 frilled lizards
  A jackal zombie (D:3)
  4 kobolds
  5 rats
68 creatures vanquished.

Notes
Turn   | Place    | Note
-------+----------+-------------------------------------------
     0 | D:1      | qw the Minotaur Hunter began the quest for the Orb.
     0 | D:1      | Reached XP level 1. HP: 18/18 MP: 0/0
     0 | D:1      | 0 ||| qw: Version: 0.2-a-117-gc6b5c8b
     0 | D:1      | 0 ||| qw: Game counter: 2681
     0 | D:1      | 0 ||| qw: Always use a shield: true
     0 | D:1      | 0 ||| qw: God list: Okawaru
     0 | D:1      | 0 ||| qw: Allow faded altars: false
     0 | D:1      | 0 ||| qw: Do Orc after D:15 true
     0 | D:1      | 0 ||| qw: Do second Lair branch before Depths: true
     0 | D:1      | 0 ||| qw: Lair rune preference: random
     0 | D:1      | 0 ||| qw: Plans: Normal
     0 | D:1      | 0 ||| PLANNING D:1-11
   193 | D:1      | Reached XP level 2. HP: 25/25 MP: 1/1
   229 | D:1      | 229 ||| FLEEEEING.
   238 | D:1      | Reached skill level 5 in Ranged Weapons
   745 | D:1      | Reached skill level 3 in Fighting
   886 | D:1      | 886 ||| UPGRADING to +0 pair of boots.
   891 | D:1      | 891 ||| READING scroll labelled GAIHAD VAJYUS.
   892 | D:1      | 892 ||| DROPPING scroll of butterflies.
   950 | D:2      | Reached XP level 3. HP: 31/31 MP: 2/2
  1069 | D:2      | 1069 ||| FLEEEEING.
  1070 | D:2      | 1070 ||| FLEEEEING.
  1071 | D:2      | 1071 ||| FLEEEEING.
  1072 | D:2      | 1072 ||| FLEEEEING.
  1074 | D:2      | 1074 ||| FLEEEEING.
  1075 | D:2      | 1075 ||| FLEEEEING.
  1076 | D:2      | 1076 ||| FLEEEEING.
  1077 | D:2      | 1077 ||| FLEEEEING.
  1089 | D:2      | Found a faded altar of an unknown god.
  1345 | D:2      | 1345 ||| READING 2 scrolls labelled DUUFFUM PIA.
  1346 | D:2      | 1346 ||| READING scroll labelled SUDENUITSAD.
  1349 | D:2      | 1349 ||| READING scroll labelled TEWODIEZXEUST.
  1350 | D:2      | 1350 ||| READING scroll labelled WEIRRUPN NEALE.
  1351 | D:2      | 1351 ||| DROPPING scroll of blinking.
  1353 | D:2      | 1353 ||| Stepping ~*~*~tactically~*~*~ (cloud).
  1519 | D:3      | 1519 ||| FLEEEEING.
  1520 | D:3      | 1520 ||| FLEEEEING.
  1521 | D:3      | 1521 ||| FLEEEEING.
  1522 | D:3      | 1522 ||| FLEEEEING.
  1523 | D:3      | 1523 ||| FLEEEEING.
  1524 | D:3      | 1524 ||| STAIRDANCE
  1550 | D:2      | 1550 ||| DRINKING 3 fuming coppery potions.
  1551 | D:2      | 1551 ||| DRINKING 2 orange potions.
  1552 | D:2      | 1552 ||| DROPPING potion of attraction.
  1556 | D:3      | Reached skill level 6 in Ranged Weapons
  1556 | D:3      | Reached XP level 4. HP: 35/38 MP: 3/3
  1669 | D:3      | Found a runed translucent door.
  1670 | D:3      | Noticed Crazy Yiuf
  1730 | D:3      | Reached skill level 1 in Armour
  1922 | D:3      | Found a runed translucent door.
  1922 | D:3      | Noticed a human
  1926 | D:3      | Found a basalt altar of Yredelemnul.
  1986 | D:3      | 1986 ||| UPGRADING to +1 leather armour of fire resistance.
  1996 | D:3      | 1996 ||| DROPPING +0 leather armour.
  1997 | D:3      | 1997 ||| READING scroll labelled LUEGUAWKOFU.
  1998 | D:3      | 1998 ||| READING scroll labelled XOONETEJOCK.
  2053 | D:4      | Noticed a black bear
  2065 | D:4      | Killed a black bear
  2066 | D:4      | Reached XP level 5. HP: 20/48 MP: 4/4
  2123 | D:4      | 2123 ||| FLEEEEING.
  2124 | D:4      | 2124 ||| STAIRDANCE
  2407 | D:4      | HP: 7/48 [gnoll/+0 halberd (9)]
  2408 | D:4      | Reached XP level 6. HP: 6/56 MP: 5/5
  2408 | D:4      | HP: 3/56 [gnoll/+0 halberd (4)]
  2408 | D:4      | Slain by a gnoll

Levels and vault maps discovered:
D:1:      minmay_arrival_solitary_statue, layout_basic
D:2:      layout_rooms, dreamdust_ecumenical_altar_angels_and_demons,
          nicolae_wormholes
D:3:      layout_rooms, dk_yredelemnul_ordeal, uniq_crazy_yiuf_cottage
D:4:      layout_layer_cave, mainiacjoe_overflow_big_doors, lemuel_round_altar,
          kennysheep_little_box, lemuel_coloured_pillars_altar,
          minmay_misc_feat_rows

Skill      XL: |  1  2  3  4 |
---------------+-------------+-----
Ranged Weapons | 5 6 |  6.8
Fighting       | 3 5 |  5.0
Armour         | 1 |  1.0
Dodging        | |  2.1
Stealth        | |  0.7

Action                     |  1- 3 |  4- 6 || total
---------------------------+-------+-------++-------
   Fire: Shortbow          |   118 |    88 ||   206
    Use: Scroll            |     5 |     2 ||     7
         Potion            |     2 |       ||     2
 Armour: Leather armour    |     4 |    12 ||    16
  Dodge: Dodged            |    10 |    54 ||    64

Table legend:
 A = Non-vault XP
 B = Vault XP
 C = Vault XP percentage of total XP
 D = Non-vault monster count
 E = Vault monster count
 F = Vault count percentage of total count
                 A         B        C        D         E       F
            +---------+---------+-------+---------+---------+-------
      Total |     382 |      11 |   2.8 |      65 |       3 |   4.4
            +---------+---------+-------+---------+---------+-------
        D:1 |      38 |       0 |   0.0 |      20 |       0 |   0.0
        D:2 |      36 |      10 |  21.7 |      18 |       2 |  10.0
        D:3 |      54 |       1 |   1.8 |      18 |       1 |   5.3
        D:4 |     254 |       0 |   0.0 |       9 |       0 |   0.0
            +---------+---------+-------+---------+---------+-------
